 Dungeon Crawl Stone Soup version 0.27.1-33-g824d729ab1 (webtiles) character file.

Game seed: 3503731960226151753

21 lonewolfV2 the Sneak (level 2, 0/15 HPs)
             Began as a Vampire Enchanter on Dec 9, 2021.
             Slain by a goblin (1 damage)
             ... led by Robin
             ... on level 2 of the Dungeon.
             The game lasted 00:03:39 (1196 turns).

lonewolfV2 the Sneak (Vampire Enchanter)            Turns: 1196, Time: 00:03:39

Health: 0/15       AC:  2    Str:  7    XL:     2   Next: 65%
Magic:  4/5        EV: 12    Int: 17    God:
Gold:   12         SH:  0    Dex: 14    Spells: 2/5 levels left

rFire    . . .     SeeInvis +   a - +1 dagger
rCold    + + .     Faith    .   (no shield)
rNeg     + + +     Spirit   .   b - +0 robe
rPois    ∞         Reflect  .   (no helmet)
rElec    .         Harm     .   (no cloak)
rCorr    .         Rampage  .   (no gloves)
Will     .....                  (no boots)
Stlth    +++++.....             (no amulet)
HPRegen  0.00/turn              (no ring)
MPRegen  0.09/turn              (no ring)

@: bloodless, inhibited regen
A: bloodless, fangs 3, see invisible, vampiric 1
a: Revivify


You were on level 2 of the Dungeon.
You visited 1 branch of the dungeon, and saw 2 of its levels.

You collected 12 gold pieces.

Inventory:

Hand Weapons
 a - a +1 dagger (weapon)
Armour
 b - a +0 robe (worn)
Scrolls
 c - a scroll of summoning {unknown}
 e - a scroll of identify {unknown}
Potions
 d - 2 potions of curing {unknown}
 f - a potion of lignification {unknown}


   Skills:
 + Level 1.1 Short Blades
 + Level 2.5 Dodging
 + Level 5.0 Stealth
 + Level 2.2 Spellcasting
 + Level 4.8 Hexes


You had 2 spell levels left.
You knew the following spells:

 Your Spells              Type           Power      Damage    Failure   Level
a - Corona                Hex            20%        N/A       2%          1
b - Ensorcelled Hibernat  Hex/Ice        20%        N/A       11%         2

Your spell library contained the following spells:

 Spells                   Type           Power      Damage    Failure   Level
 Confusing Touch          Hex            18%        N/A       8%          3
 Tukima's Dance           Hex            18%        N/A       8%          3
 Dazzling Flash           Conj/Hex       20%        N/A       22%         3


Dungeon Overview and Level Annotations

Branches:
Dungeon (2/15)

Altars:

Annotations:
D:2 Robin


Innate Abilities, Weirdness & Mutations

You do not regenerate when monsters are visible.
You are frail without blood (-20% HP).
You can heal yourself when you bite living creatures.
You are immune to poison.
You have razor-sharp teeth.
You have supernaturally acute eyesight. (SInv)
You are afflicted with vampirism.


Message History

A hobgoblin comes into view.
A goblin comes into view. It is wielding a +0 dagger.
A rat comes into view.
Robin throws the goblin at you! The goblin closely misses you.
The goblin hits you but does no damage.
You hit the goblin.
You kill the goblin!
Robin throws the goblin at you! The goblin barely misses you.
The goblin closely misses you.
You hit the goblin. You bite the goblin.
You kill the goblin!
The goblin hits you with a +0 dagger.
Your Stealth skill increases to level 5!
You hit the goblin but do no damage. Your bite misses the goblin.
You hit the goblin.
The goblin is moderately wounded.
The goblin hits you with a +0 dagger. The goblin hits you with a +0 club.
* * * LOW HITPOINT WARNING * * *
You hit the goblin but do no damage.
The goblin is moderately wounded.
The goblin closely misses you. The goblin misses you.
The rat twitches its whiskers.
Your magical contamination has completely faded away.
You hit the goblin but do no damage.
The goblin is moderately wounded.
The goblin hits you with a +0 dagger.
* * * LOW HITPOINT WARNING * * *
The goblin hits you but does no damage. The goblin hits you but does no damage.
Continue your ritual? The goblin barely misses you.
You begin the revivification ritual.
You continue your ritual.
The goblin completely misses you. The goblin closely misses you.
You continue your ritual.
The goblin barely misses you. x2
You continue your ritual.
The goblin closely misses you. The goblin completely misses you.
You continue your ritual.
The goblin closely misses you. The goblin hits you with a +0 club.
You die...

..# #..# # #.# #..# .# #
## #.###..###.#.#
....###.............
....................
###..........#.#
#..##.........
#..#g####..##..###.###
....ggg@gg............
...#g####..###.###'#####
?.....#..........
##..#.#..........
................
#..#.#.###......
#..#.#.###..####
#...............
..............


You could see Robin, 2 hobgoblins and 4 goblins.

Vanquished Creatures
  A dart slug (D:1)
  4 ball pythons (D:1)
  5 endoplasms (D:1)
  2 goblins (D:2)
  2 hobgoblins (D:1)
  A frilled lizard (D:1)
  A kobold (D:1)
  A rat (D:1)
17 creatures vanquished.

Notes
Turn   | Place    | Note
-------+----------+-------------------------------------------
     0 | D:1      | lonewolfV2 the Vampire Enchanter began the quest for the
                  | Orb.
     0 | D:1      | Reached XP level 1. HP: 13/13 MP: 3/3
   394 | D:1      | Reached XP level 2. HP: 13/19 MP: 5/5
   424 | D:1      | Learned a level 2 spell: Ensorcelled Hibernation
  1181 | D:2      | Noticed Robin
  1188 | D:2      | Reached skill level 5 in Stealth
  1196 | D:2      | Slain by a goblin

Illustrated notes

Levels and vault maps discovered:
D:1:      noname_arrival_rooms_in_the_neighbourhood, layout_basic
D:2:      layout_basic, basic_altar, uniq_robin

Skill      XL: |  1  2 |
---------------+-------+-----
Stealth        | 5 |  5.0
Short Blades   | |  1.1
Dodging        | |  2.5
Spellcasting   | |  2.2
Hexes          | |  4.8

Action                   || total
-------------------------++-------
Melee: Dagger            ||    57
       Bite              ||     6
 Cast: Ensorcelled Hiber ||     3
       Corona            ||     3
 Abil: Exsanguinate      ||     1
       Revivify          ||     1
 Stab: Sleeping          ||     6
Armor: Robe              ||    10
Dodge: Dodged            ||    38
